 Dungeon Crawl Stone Soup version 0.17.0 (webtiles) character file.

98 KINGKRU the Skirmisher (level 4, 0/41 HPs)
             Began as a Hill Orc Fighter on Nov 17, 2015.
             Slain by a hobgoblin
             ... wielding a +0 club
             ... led by Robin
              (4 damage)
             ... on level 2 of the Dungeon.
             The game lasted 00:06:11 (1608 turns).

KINGKRU the Skirmisher (Hill Orc Fighter)           Turns: 1608, Time: 00:06:11

Health: 0/41       AC:  8    Str: 24      XL:     4   Next: 71%
Magic:  4/4        EV:  8    Int:  8      God:
Gold:   88         SH:  9    Dex:  8 (10) Spells: 0 memorised, 3 levels left

rFire  . . .     SeeInvis .     a - +0 long sword
rCold  . . .     Clarity  .     b - +0 scale mail
rNeg   . . .     SustAt   .     c - +0 shield
rPois  .         Gourm    .     q - +0 helmet
rElec  .         Spirit   .     (no cloak)
rCorr  .         Warding  .     (no gloves)
rMut   .         Stasis   .     (no boots)
MR     .....                    r - amulet of rage
Stlth  ..........               (no ring)
                                (no ring)

@: mighty, not resistant to hostile enchantments, extremely unstealthy
A: no striking features
a: Evoke Berserk Rage


You were on level 2 of the Dungeon.
You were not hungry.

You visited 1 branch of the dungeon, and saw 2 of its levels.

You collected 88 gold pieces.

Inventory:

Hand Weapons
 a - a +0 long sword (weapon)
Armour
 b - a +0 scale mail (worn)
 c - a +0 shield (worn)
 q - a +0 helmet (worn)
Jewellery
 r - an amulet of rage (around neck)
Wands
 e - a wand of teleportation (6)
Scrolls
 i - a scroll of magic mapping {unknown}
 j - a scroll of enchant weapon {unknown}
 l - a scroll of teleportation {unknown}
 p - a scroll of noise {unknown}
Potions
 f - a potion of degeneration
 m - a potion of flight {unknown}
Comestibles
 n - a slice of pizza
 o - a meat ration


   Skills:
 + Level 4.3 Fighting
 + Level 2.8 Long Blades
 + Level 3.5 Armour
 + Level 1.2 Dodging
 + Level 4.3 Shields


You had 3 spell levels left.
You didn't know any spells.

Dungeon Overview and Level Annotations

Branches:
Dungeon (2/15)

Altars:

Annotations:
D:2 Robin


Message History

The goblin hits you but does no damage. You block the goblin's attack.
The goblin hits you but does no damage.
You closely miss the goblin. You block the goblin's attack.
The goblin barely misses you. You block the goblin's attack.
The goblin unwields an uncursed hunting sling.
The goblin wields an uncursed club.
The goblin hits you but does no damage. The goblin hits you but does no damage.
Robin roars a battlecry!
The goblins go into a battle-frenzy!
The goblin completely misses you. The goblin hits you but does no damage.
You block the goblin's attack.
You hit the goblin.
You kill the goblin!
You block the goblin's attack. The goblin closely misses you.
The goblin barely misses you.
You closely miss the hobgoblin. The hobgoblin closely misses you.
You block the goblin's attack. The goblin completely misses you.
You block the goblin's attack. The goblin hits you but does no damage.
You block the goblin's attack. The hobgoblin hits you with a club.
You die...

### #<## #### #..#####..#
#......#gg# ######.#g@# ######
#######.#gg###########.....
#.......#ggw.........#.....
#...#####.g#########.#..... #
##..........####...##'#.....
#.###..............g............
#................#g.............
#....>..........................
#.........)......#..............


You could see a worm, Robin, 3 hobgoblins and 4 goblins.

Vanquished Creatures
  Terence (D:2)
  3 adders (D:2)
  An ooze (D:1)
  A worm (D:2)
  2 giant geckos
  3 giant cockroaches
  6 goblins
  3 hobgoblins
  8 jackals
  3 kobolds
  A quokka (D:2)
  3 bats
  A rat (D:2)
36 creatures vanquished.

Notes
Turn   | Place    | Note
--------------------------------------------------------------
     0 | D:1      | KINGKRU the Hill Orc Fighter began the quest for the Orb.
     0 | D:1      | Reached XP level 1. HP: 19/19 MP: 1/1
   166 | D:1      | Reached XP level 2. HP: 27/27 MP: 2/2
   279 | D:1      | Reached skill level 4 in Fighting
   633 | D:1      | Reached XP level 3. HP: 26/33 MP: 3/3
  1106 | D:2      | Noticed Terence
  1128 | D:2      | Killed Terence
  1128 | D:2      | Reached skill level 1 in Dodging
  1128 | D:2      | Reached XP level 4. HP: 27/40 MP: 4/4
  1547 | D:2      | Noticed Robin
  1608 | D:2      | Slain by a hobgoblin

Action                   |  1- 3 |  4- 6 || total
-------------------------+-------+-------++-------
Melee: Long sword        |   115 |    53 ||   168
  Use: Scroll            |       |     2 ||     2
       Potion            |       |     2 ||     2
  Eat: Bread ration      |     1 |       ||     1
